 Dungeon Crawl Stone Soup version 0.29-a0-315-gaf6dd05e2f (webtiles) character file.

Game seed: 11242560674257889889

4267 kae the Arsonist (level 10, 0/59 HPs)
             Began as a Tengu Fire Elementalist on Mar 29, 2022.
             Was a Follower of Vehumet.
             Succumbed to an orc wizard's poison
             ... on level 8 of the Dungeon.
             The game lasted 00:08:34 (10893 turns).

kae the Arsonist (Tengu Fire Elementalist)         Turns: 10893, Time: 00:08:34

Health: 0/59       AC:  3    Str:  9    XL:     10   Next: 31%
Magic:  3/18       EV: 17    Int: 25    God:    Vehumet [*.....]
Gold:   339        SH:  0    Dex: 15    Spells: 6/19 levels left

rFire   . . .      SeeInvis .   c - staff of conjuration
rCold   . . .      Faith    .   (no shield)
rNeg    . . .      Spirit   .   a - +1 robe
rPois   .          Reflect  .   (helmet restricted)
rElec   .          Harm     .   (no cloak)
rCorr   .          Rampage  .   (no gloves)
Will    .....                   (boots unavailable)
Stlth   +.........              e - amulet of regeneration
HPRegen 0.99/turn               u - +6 ring of intelligence
MPRegen 0.16/turn               (no ring)

@: confused, lethally poisoned (0 -> -15), flying quickly and evasively, quick
A: beak, talons 3, nimble flight
a: Renounce Religion


You were on level 8 of the Dungeon.
You worshipped Vehumet.
Vehumet was aware of your devotion.
You visited 2 branches of the dungeon, and saw 9 of its levels.

You collected 402 gold pieces.
You spent 63 gold pieces at shops.

Inventory:

Missiles
 b - a throwing net
Armour
 a - a +1 robe (worn)
Magical Staves
 c - a staff of conjuration (weapon)
Jewellery
 e - an amulet of regeneration (around neck)
 g - an amulet of guardian spirit
 u - a +6 ring of intelligence (left hand)
Wands
 n - a wand of mindburst (34)
 v - a wand of flame (14)
Scrolls
 h - a scroll of enchant armour
 k - 2 scrolls of magic mapping
 q - 3 scrolls of identify
 r - a scroll of enchant weapon
 s - 2 scrolls of teleportation
 x - 3 scrolls of amnesia
 y - 2 scrolls of blinking
Potions
 d - 4 potions of curing
 f - a potion of haste
 i - 2 potions of resistance
 j - 2 potions of ambrosia
 l - 2 potions of attraction
 m - a potion of flight
 z - 5 potions of brilliance
 A - a potion of mutation


   Skills:
 + Level 5.0 Fighting
 + Level 5.3 Armour
 + Level 6.0 Dodging
 - Level 2.0 Stealth
 + Level 5.0 Spellcasting
 + Level 6.7 Conjurations
 * Level 8.9 Fire Magic
 + Level 4.9 Evocations


You had 6 spell levels left.
You knew the following spells:

 Your Spells              Type           Power      Damage    Failure   Level
a - Foxfire               Conj/Fire      100%       2x1d9     1%          1
b - Scorch                Fire           100%       2d10      1%          2
c - Conjure Flame         Conj/Fire      62%        6-21      1%          3
d - Inner Flame           Hex/Fire       28%        N/A       4%          3
e - Flame Wave            Conj/Fire      62%        2d12      3%          4

Your spell library contained the following spells:

 Spells                   Type           Power      Damage    Failure   Level
 Freeze                   Ice            24%        1d5       9%          1
 Stone Arrow              Conj/Erth      68%        3d11      6%          3
 Animate Skeleton         Necr           12%        N/A       9%          1
 Pain                     Necr           24%        1d5       9%          1
 Sandblast                Erth           12%        2d6       9%          1
 Summon Small Mammal      Summ           24%        N/A       9%          1
 Passwall                 Tmut/Erth      5%         N/A       12%         2
 Call Canine Familiar     Summ           6%         N/A       24%         3
 Summon Guardian Golem    Hex/Summ       6%         N/A       24%         3
 Vampiric Draining        Necr           6%         2d6       24%         3


Dungeon Overview and Level Annotations

Branches:
Dungeon (8/15)             Temple (1/1) D:7
   Lair: D:8-11

Altars:
Ashenzari
Cheibriados
Dithmenos
Elyvilon
Fedhas
Gozag
Hepliaklqana
Kikubaaqudgha
Makhleb
Nemelex Xobeh
Qazlal
Ru
Sif Muna
Trog
Uskayaw
Vehumet
Wu Jian
Xom
Yredelemnul
Zin
The Shining One

Shops:
D:3 *   D:4 [

Annotations:
D:4 Dowan


Innate Abilities, Weirdness & Mutations

You have a beak for a mouth.
You have claws for feet.
Your magical nature lets you fly swiftly and evasively.


Message History

Items here: ! $ )) / ? [[ †.
You hit the orc. You claw the orc, but do no damage.
The orc is lightly wounded.
The orc misses you.
You hit the orc. Your kick misses the orc.
The orc is heavily wounded.
The orc closely misses you.
The orc wizard casts a spell.
The orc wizard flickers and vanishes!
Deactivating autopickup; reactivate with Ctrl-A.
You hit the orc but do no damage. You claw the orc.
You kill the orc!
Vehumet accepts your kill.
You hit something. Your kick misses something.
Something hits you but does no damage.
You closely miss something. You claw something. Your peck misses something.
Something barely misses you. Something hits you.
You are poisoned.
You hit something but do no damage. You claw something.
You feel sick.
You hear some strange, mumbled words.
You are confused.
You bump into the rock wall.
You feel sick. Something hits you but does no damage.
You are more poisoned.
You bump into the rock wall.
You feel very sick. Something barely misses you.
You barely miss something. Your peck misses something.
You feel very sick. Something hits you.
* * * LOW HITPOINT WARNING * * *
You are lethally poisoned!
You bump into the rock wall.
* * * LOW HITPOINT WARNING * * *
You feel very sick. Something hits you.
* * * LOW HITPOINT WARNING * * *
You are more poisoned.
You bump into the rock wall.
You die...

### ...
##############
....
#............# .
.....
#.##########.#
###....
.....####.#....#
#.# ..o....
............>#.#
#.# ###o...
....#..#.#..#.#
#.# . .
##)#.#..#.# #.#
#@#.#..#.# #.#
#)#.#..#.# #.#
#)#.#..#.# #.#
#.#.#..#.# #.#
#.#.#..# #.# #..
#.# ##. #.# .
#.# #.#


There were no monsters in sight!

Vanquished Creatures
  Maurice (D:8)
  Maggie (D:7)
  A wyvern (D:8)
  Edmund (D:5)
  Duvessa (D:4)
  2 water moccasins (D:7)
  3 black bears
  4 ice beasts
  4 orc warriors
  3 sky beasts
  3 ogres
  A centaur (D:5)
  8 bullfrogs
  2 necrophages
  2 scorpions
  A wight (D:6)
  3 howler monkeys
  5 hounds
  A gnoll shaman (D:7)
  2 orc priests (D:7)
  4 iguanas
  7 orc wizards
  6 adders
  A shadow imp (D:7)
  A white imp (D:6)
  2 ufetubi
  5 worms
  2 dart slugs
  29 orcs
  9 bats
  7 endoplasms
  3 giant cockroaches
  5 goblins
  11 hobgoblins
  4 jackals (D:5)
  5 kobolds
  3 quokkas
  7 ball pythons
  5 frilled lizards
  4 rats
169 creatures vanquished.

Vanquished Creatures (others)
  408 foxfires
408 creatures vanquished.

Grand Total: 577 creatures vanquished

Notes
Turn   | Place    | Note
-------+----------+-------------------------------------------
     0 | D:1      | kae the Tengu Fire Elementalist began the quest for the
                  | Orb.
     0 | D:1      | Reached XP level 1. HP: 10/10 MP: 4/4
   398 | D:1      | Reached XP level 2. HP: 15/15 MP: 4/6
   416 | D:1      | You fall into a shaft and drop 1 floor!
   936 | D:2      | Reached XP level 3. HP: 20/20 MP: 5/7
   939 | D:2      | Learned a level 2 spell: Scorch
   943 | D:2      | Learned a level 3 spell: Conjure Flame
  2488 | D:1      | Reached skill level 1 in Armour
  2560 | D:1      | Reached skill level 4 in Fire Magic
  2611 | D:1      | Reached XP level 4. HP: 22/24 MP: 8/8
  2809 | D:1      | Found a faded altar of an unknown god.
  2811 | D:1      | Reached skill level 1 in Fighting
  3182 | D:3      | Reached skill level 1 in Evocations
  3256 | D:3      | Noticed a necrophage
  3294 | D:3      | Found Jyl Weba's Assorted Antiques.
  3418 | D:3      | Bought a fuming black potion for 20 gold pieces
  3418 | D:3      | Bought a fuming golden potion for 20 gold pieces
  3418 | D:3      | Bought a scroll labelled GEL BEOXUYMIN for 23 gold pieces
  3516 | D:3      | Killed a necrophage
  3517 | D:3      | Gained mutation: Your magical nature lets you fly swiftly
                  | and evasively. [Tengu growth]
  3517 | D:3      | Reached XP level 5. HP: 29/29 MP: 4/9
  4196 | D:3      | Learned a level 3 spell: Inner Flame
  4530 | D:4      | Reached XP level 6. HP: 33/34 MP: 7/10
  4938 | D:4      | Found Ymmotes's Armour Emporium.
  5284 | D:4      | Reached skill level 5 in Fire Magic
  5317 | D:4      | Noticed Duvessa
  5319 | D:4      | Noticed Dowan
  5767 | D:4      | HP: 1/35 [Duvessa/+0 short sword (6)]
  5772 | D:4      | Killed Duvessa
  5773 | D:4      | Reached XP level 7. HP: 25/40 MP: 9/12
  5895 | D:5      | Entered Level 5 of the Dungeon
  6679 | D:6      | Reached skill level 6 in Fire Magic
  6679 | D:6      | Reached XP level 8. HP: 45/45 MP: 9/13
  6880 | D:6      | Noticed Edmund
  6925 | D:5      | Killed Edmund
  7787 | D:6      | Reached skill level 7 in Fire Magic
  7965 | D:5      | Reached skill level 5 in Conjurations
  8027 | D:5      | Reached XP level 9. HP: 52/52 MP: 10/15
  8229 | D:7      | Noticed Maggie
  8254 | D:7      | Found a staircase to the Ecumenical Temple.
  8263 | D:6      | Reached skill level 5 in Dodging
  8788 | Temple   | Entered the Ecumenical Temple
  9205 | Temple   | Became a worshipper of Vehumet
  9319 | D:7      | Reached skill level 8 in Fire Magic
  9329 | D:7      | Killed Maggie
  9365 | D:7      | Reached XP level 10. HP: 57/58 MP: 4/18
  9467 | D:7      | Reached skill level 5 in Armour
 10023 | D:8      | Learned a level 4 spell: Flame Wave
 10436 | D:8      | Reached skill level 5 in Fighting
 10863 | D:8      | Noticed Maurice
 10880 | D:8      | Killed Maurice
 10880 | D:8      | Reached * piety under Vehumet
 10880 | D:8      | Offered knowledge of Freeze by Vehumet.
 10881 | D:8      | Reached skill level 5 in Spellcasting
 10893 | D:8      | Succumbed to an orc wizard's poison

Illustrated notes

Levels and vault maps discovered:
D:1:      dpeg_arrival_snail, layout_basic, shapermc_ecumenical_altar_venn,
          hangedman_abyss_or_decor_lesser_grid, minmay_misc_feat_columns
D:2:      layout_basic
D:3:      layout_basic, serial_shops, shop
D:4:      layout_loops_corners, serial_shops,
          nicolae_shop_temple_entry_statues_fountains, uniq_duvessa
D:5:      layout_rooms
D:6:      layout_cave_pools, minmay_joined_circles, uniq_edmund
D:7:      layout_rooms, minmay_temple_entry_drinking_statues,
          minmay_misc_feat_five, minmay_alternating_orb, uniq_maggie
D:8:      layout_basic, uniq_maurice
Temple:   mainiacjoe_temple_trianglar_array

Skill      XL: |  1  2  3  4  5  6  7  8  9 10 |
---------------+-------------------------------+-----
Armour         | 1 2 3 4 5 |  5.3
Conjurations   | 2 3 4 5 6 |  6.7
Fire Magic     | 4 5 6 7 8 |  8.9
Fighting       | 1 2 3 4 5 |  5.0
Evocations     | 1 2 3 4 |  4.9
Dodging        | 3 4 5 6 |  6.0
Spellcasting   | 3 4 5 |  5.0
Stealth        | |  2.0

Action                   |  1- 3 |  4- 6 |  7- 9 | 10-12 || total
-------------------------+-------+-------+-------+-------++-------
Melee: Staff             |    23 |    73 |    30 |    36 ||   162
       Kick              |     7 |    12 |     8 |    12 ||    39
       Peck              |       |     8 |     5 |     5 ||    18
       Punch             |       |       |     2 |     1 ||     3
 Cast: Foxfire           |    44 |    66 |   105 |    31 ||   246
       Scorch            |    12 |    22 |    62 |    21 ||   117
       Conjure Flame     |       |       |     9 |     2 ||    11
Evoke: Wand              |       |       |     5 |       ||     5
  Use: Scroll            |       |    13 |     1 |     6 ||    20
       Potion            |       |     3 |     1 |       ||     4
 Stab: Sleeping          |       |     1 |     1 |       ||     2
Armor: Robe              |     8 |    30 |    21 |     8 ||    67
Dodge: Dodged            |    31 |    94 |   144 |    45 ||   314

Table legend: (Time is in decaauts)
 A = Elapsed time spent in this place.
 B = Non-inter-level travel time spent in this place.
 C = Inter-level travel time spent in this place.
 D = Time resting spent in this place.
 E = Time spent auto-exploring this place.
 F = Levels seen in this place.
 G = Mean time per level.
                   A        B        C        D        E       F      G
               +--------+--------+--------+--------+--------+-----+--------+
         Total |  10523 |  10072 |    451 |    798 |   7465 |   9 | 1169.2 |
       Dungeon |  10120 |   9724 |    396 |    798 |   7123 |   8 | 1265.0 |
        Temple |    402 |    348 |     54 |      0 |    341 |   1 |  402.0 |
               +--------+--------+--------+--------+--------+-----+--------+

Top non-repeatable levels by time:
     D:2: 1996 daAuts
     D:4: 1573 daAuts
     D:5: 1303 daAuts
     D:6: 1299 daAuts
     D:1: 1202 daAuts
     D:3: 989 daAuts
     D:7: 926 daAuts
     D:8: 829 daAuts
  Temple: 402 daAuts
